 Dungeon Crawl Stone Soup version 0.26.0-57-g60708a5e39 (webtiles) character file.

Game seed: 3073118373376008930

880 swilekon the Chopper (level 8, 0/55 HPs)
             Began as an Octopode Monk on Feb 2, 2021.
             Killed by divine providence
             ... invoked by an orc priest
              (14 damage)
             ... on level 4 of the Dungeon.
             The game lasted 00:06:28 (5382 turns).

swilekon the Chopper (Octopode Monk)                Turns: 5382, Time: 00:06:29

Health: 0/55       AC:  1    Str: 13    XL:     8   Next: 5%
Magic:  8/8        EV: 16    Int: 12    God:
Gold:   302        SH:  0    Dex: 14    Spells: 7/7 levels left

rFire    . . .     SeeInvis +   a - +1 hand axe
rCold    . . .     Faith    .   (no shield)
rNeg     . . .     Spirit   .   (helmet restricted)
rPois    .         Reflect  .   (no amulet)
rElec    .         Harm     .   h - ring of see invisible
rCorr    .         Rampage  .   (no ring)
Will     .....                  (no ring)
Stlth    +++.......             (no ring)
HPRegen  0.18/turn              (no ring)
MPRegen  0.11/turn              (no ring)
                                (no ring)
                                (no ring)

@: no status effects
A: almost no armour, stealthy swim, amphibious, 8 rings, constrict 8, camouflage
1, gelatinous body 1
a: no special abilities


You were on level 4 of the Dungeon.
You visited 1 branch of the dungeon, and saw 5 of its levels.

You collected 302 gold pieces.

Inventory:

Hand Weapons
 a - a +1 hand axe (weapon)
Jewellery
 h - a ring of see invisible (left tentacle)
Scrolls
 b - 3 scrolls of remove curse
 f - a scroll of teleportation
 j - 3 scrolls of amnesia
 l - a scroll of identify
 p - a scroll of immolation {unknown}
Potions
 c - 2 potions of curing
 d - a potion of flight
 e - a potion of berserk rage {unknown}
 g - a potion of magic {unknown}
 k - a potion of degeneration {unknown}
 m - a potion of lignification {unknown}
 n - a potion of might {unknown}
 o - a potion of mutation {unknown}


   Skills:
 + Level 5.2 Fighting
 * Level 6.9 Axes
 + Level 5.3 Dodging
 - Level 2.6 Stealth


You had 7 spell levels left.
You didn't know any spells.
Your spell library was empty.

Dungeon Overview and Level Annotations

Branches:
Dungeon (5/15)
 Temple: D:4-7

Altars:
Yredelemnul


Innate Abilities, Weirdness & Mutations

You cannot wear most types of armour.
You are very stealthy in the water. (Stealth+)
You are amphibious.
You can wear up to eight rings at the same time.
You can use your tentacles to constrict eight enemies at once.
Your skin changes colour to match your surroundings (Stealth+).
Your rubbery body absorbs attacks. (AC +1, EV +1)


Message History

You hit the orc priest but do no damage.
Your grab misses the orc priest.
The orc priest calls down the wrath of Beogh upon you.
Beogh smites you!
* * * LOW HITPOINT WARNING * * *
You closely miss the orc priest. Your grab misses the orc priest.
The orc priest closely misses you.
You closely miss the orc priest. You grab the orc priest.
Your squeeze misses the orc priest. You constrict the orc priest.
The orc priest mumbles some strange prayers to Beogh against you.
You struggle to resist.
You hit the orc priest.
The orc priest is moderately wounded.
You constrict the orc priest. You slash the orc priest!
The orc priest is almost dead.
You constrict the orc priest, but do no damage.
The orc priest invokes the aid of Beogh against you.
Beogh smites you!
You die...

.......##.............##
#.......
...........####........#
##.....# #..........#
#........## #.....#
#..........# #.........#
##....# #.........##
##.........## ##..##
#.........#
#...........# ####
##........#
#........##.##
#........#
#.......###..#
##..<...## #..@..###
##.###### #..[.[.#
#..o### ##......#
##.....# #.###
###.......# ###..## ###
##...†.....## ## #..##
###...........# .####.##
##.............# ...##.#
##..............#
......##
##..............##
.......###
##...............#


You could see an orc priest.

Vanquished Creatures
  A necrophage (D:4)
  2 ogres
  A wyvern zombie (D:4)
  A scorpion (D:5)
  2 howler monkeys
  A centaur zombie (D:5)
  An orc priest (D:4)
  4 orc wizards
  A hound (D:4)
  An iguana (D:4)
  A worker ant (D:4)
  9 adders
  2 worms (D:2)
  3 dart slugs
  3 leopard geckos
  16 orcs
  3 giant cockroaches
  5 hobgoblins
  8 jackals
  3 quokkas
  3 ball pythons
  10 bats
  4 frilled lizards
  7 goblins
  8 kobolds
  4 rats
104 creatures vanquished.

Notes
Turn   | Place    | Note
-------+----------+-------------------------------------------
     0 | D:1      | swilekon the Octopode Monk began the quest for the Orb.
     0 | D:1      | Reached XP level 1. HP: 16/16 MP: 1/1
   140 | D:1      | Reached XP level 2. HP: 7/21 MP: 2/2
   594 | D:1      | Reached XP level 3. HP: 26/26 MP: 3/3
   808 | D:2      | Reached skill level 4 in Axes
   808 | D:2      | Reached XP level 4. HP: 25/31 MP: 4/4
  1456 | D:2      | Reached XP level 5. HP: 22/37 MP: 5/5
  3081 | D:3      | Reached skill level 5 in Axes
  3084 | D:3      | Reached XP level 6. HP: 26/43 MP: 6/6
  3223 | D:3      | Found a basalt altar of Yredelemnul.
  4016 | D:4      | Reached XP level 7. HP: 6/49 MP: 7/7
  4332 | D:4      | Reached skill level 6 in Axes
  4866 | D:4      | Reached skill level 5 in Dodging
  5146 | D:5      | Entered Level 5 of the Dungeon
  5181 | D:5      | Reached skill level 5 in Fighting
  5375 | D:5      | Reached XP level 8. HP: 36/55 MP: 8/8
  5382 | D:4      | Killed from afar by an orc priest

Illustrated notes

Levels and vault maps discovered:
D:1:      psy_arrival_dodecagon, layout_basic
D:2:      layout_loops_ring
D:3:      layout_basic, yredelemnul_altar_generic
D:4:      layout_cave_pods, kennysheep_small_square
D:5:      layout_loops_cross, grunt_temple_overflow_bloody_war,
          nicolae_overflow_quartered_altars

Skill      XL: |  1  2  3  4  5  6  7 |
---------------+----------------------+-----
Axes           | 4 5 6 |  6.9
Dodging        | 4 5 |  5.3
Fighting       | 4 5 |  5.2
Stealth        | |  2.6

Action                   |  1- 3 |  4- 6 |  7- 9 || total
-------------------------+-------+-------+-------++-------
Melee: Hand axe          |    43 |   149 |    61 ||   253
       Constrict         |    16 |    42 |     8 ||    66
       Tentacles         |    12 |    30 |    14 ||    56
  Use: Potion            |       |     3 |     2 ||     5
       Scroll            |       |     4 |     2 ||     6
 Stab: Sleeping          |     3 |     9 |     3 ||    15
Armor: Skin              |     1 |     6 |     1 ||     8
Dodge: Dodged            |    49 |   106 |    38 ||   193
